MLB
CLEVELAND GUARDIANS @ SEATTLE MARINERS
08/02/2098
 
TOP OF THE 1ST
Cleveland Guardians batting - Pitching for Seattle Mariners : LHP John McWilliams
Pitching: LHP John McWilliams
Batting: SHB Jose Agramonte 0-0: Called Strike
0-1: SOLO HOME RUN (Flyball, 89XD, EV 106.9 MPH), Distance : 422 ft
Batting: LHB Matt Cleary 0-0: Called Strike
0-1: Called Strike
0-2: Foul Ball, location: 2F
0-2: Ball
1-2: Strikes out swinging
Batting: RHB Barry Nicholson 0-0: Ball
1-0: SINGLE (Line Drive, 6D, EV 95.6 MPH)
Batting: LHB Jonathan Setzler 0-0: Called Strike
0-1: Swinging Strike
0-2: Strikes out swinging
Batting: RHB Jimmy Murphey 0-0: SINGLE (Line Drive, 7LS, EV 89.4 MPH)
Barry Nicholson to second
Batting: LHB Dallas Ostrove 0-0: Called Strike
0-1: Called Strike
0-2: Ball
1-2: Strikes out swinging
Top of the 1st over - 1 run, 3 hits, 0 errors, 2 left on base; Cleveland 1 - Seattle 0
BOTTOM OF THE 1ST
Seattle Mariners batting - Pitching for Cleveland Guardians : RHP Reed Harris
Pitching: RHP Reed Harris
Batting: LHB Omar Perez 0-0: Called Strike
0-1: Ball
1-1: Foul Ball, location: 7LSF
1-2: Ground out 4-3 (Groundball, 4, EV 82.5 MPH)
Batting: RHB Jaime Callahan 0-0: Ball
1-0: Ball
2-0: SINGLE (Line Drive, 9S, EV 105.6 MPH)
Batting: SHB John Brownfield 0-0: Foul Ball, location: 5DF
0-1: Swinging Strike
0-2: Ball
1-2: Ball
2-2: DOUBLE (Flyball, 78XD, EV 96.9 MPH)
Jaime Callahan to third
Runner from 3rd tries for Home, SAFE, throw by CF to home
Batting: LHB Keith Bundy 0-0: Foul Ball, location: 7LMF
0-1: Ball
1-1: Ball
2-1: Swinging Strike
2-2: Strikes out swinging
Batting: RHB Kenny Dahl 0-0: SINGLE (Groundball, P, EV 86.3 MPH) (infield hit)
John Brownfield to third
Batting: LHB Jon Garza 0-0: Ball
1-0: Ball
2-0: Called Strike
2-1: Ball
3-1: Foul Ball, location: 5DF
3-2: Foul Ball, location: 23FF
3-2: Foul Ball, location: 25F
3-2: SINGLE (Line Drive, 89S, EV 93.8 MPH)
John Brownfield scores
Kenny Dahl to second
Kenny Dahl to third
Batting: LHB Tim Larsen 0-0: Swinging Strike
0-1: Called Strike
0-2: Foul Ball, location: 2F
0-2: Ball
1-2: Ball
2-2: Foul Ball, location: 2F
2-2: Fly out, F9 (Flyball, 9LD, EV 108.1 MPH)
Bottom of the 1st over - 2 runs, 4 hits, 0 errors, 2 left on base; Cleveland 1 - Seattle 2
TOP OF THE 2ND
Cleveland Guardians batting - Pitching for Seattle Mariners : LHP John McWilliams
Batting: RHB Ciro Visconti 0-0: Called Strike
0-1: Foul Ball, location: 2F
0-2: SOLO HOME RUN (Flyball, 7D, EV 102.5 MPH), Distance : 387 ft
Batting: RHB Chris Downs 0-0: Called Strike
0-1: Foul Ball, location: 2RF
0-2: Ball
1-2: Ball
2-2: Fly out, F9 (Flyball, 89S, EV 76.9 MPH)
Batting: RHB Chris Goacher 0-0: Foul Ball, location: 2F
0-1: Ground out 5-3 (Groundball, 56, EV 83.1 MPH)
Batting: SHB Jose Agramonte 0-0: Ball
1-0: Called Strike
1-1: Foul Ball, location: 25FF
1-2: Strikes out looking
Top of the 2nd over - 1 run, 1 hit, 0 errors, 0 left on base; Cleveland 2 - Seattle 2
BOTTOM OF THE 2ND
Seattle Mariners batting - Pitching for Cleveland Guardians : RHP Reed Harris
Batting: SHB Rob Brady 0-0: Ball
1-0: Swinging Strike
1-1: Swinging Strike
1-2: Strikes out swinging, 2-3 out at first.
Batting: RHB Brad Bargfrede 0-0: Swinging Strike
0-1: Ball
1-1: SINGLE (Flyball, 9LS, EV 91.3 MPH)
Batting: LHB Omar Perez 0-0: Called Strike
0-1: Foul Ball, location: 7LDF
0-2: Ball
1-2: Ball
2-2: Ball
3-2: Strikes out swinging
Batting: RHB Jaime Callahan 0-0: Ball
1-0: Called Strike
1-1: Ball
2-1: Ball
3-1: Base on Balls
Brad Bargfrede to second
Batting: SHB John Brownfield 0-0: Ball
1-0: Swinging Strike
1-1: Ball
2-1: Called Strike
2-2: Fly out, F1 (Line Drive, P, EV 71.3 MPH)
Bottom of the 2nd over - 0 runs, 1 hit, 0 errors, 2 left on base; Cleveland 2 - Seattle 2
TOP OF THE 3RD
Cleveland Guardians batting - Pitching for Seattle Mariners : LHP John McWilliams
Batting: LHB Matt Cleary 0-0: Foul Ball, location: 7LDF
0-1: Foul Ball, location: 25FF
0-2: Fly out, F7 (Flyball, 7, EV 92.5 MPH)
Batting: RHB Barry Nicholson 0-0: Ground out 3-1 (Groundball, 34, EV 90.6 MPH)
Batting: LHB Jonathan Setzler 0-0: Called Strike
0-1: Ball
1-1: Foul Ball, location: 2F
1-2: Foul Ball, location: 9LDF
1-2: Foul Ball, location: 5F
1-2: Ball
2-2: Foul Ball, location: 3FF
2-2: Foul Ball, location: 5FF
2-2: Ball
3-2: Foul Ball, location: 2F
3-2: Foul Ball, location: 2F
3-2: SINGLE (Line Drive, 6MD, EV 103.1 MPH)
Batting: RHB Jimmy Murphey 0-0: Foul Ball, location: 2F
0-1: Ball
1-1: SINGLE (Line Drive, 34D, EV 98.1 MPH)
Jonathan Setzler to second
Runner from 2nd tries for 3rd, SAFE, no throw by RF
Batting: LHB Dallas Ostrove 0-0: Ball
1-0: Ball
2-0: Fly out, F8 (Flyball, 8LD, EV 106.9 MPH)
Top of the 3rd over - 0 runs, 2 hits, 0 errors, 2 left on base; Cleveland 2 - Seattle 2
BOTTOM OF THE 3RD
Seattle Mariners batting - Pitching for Cleveland Guardians : RHP Reed Harris
Batting: LHB Keith Bundy 0-0: Called Strike
0-1: Ball
1-1: Ball
2-1: Ground out 4-3 (Groundball, 4S, EV 81.9 MPH)
Batting: RHB Kenny Dahl 0-0: Ball
1-0: Called Strike
1-1: Reached on error, E6 (Groundball, 56, EV 82.5 MPH)
Batting: LHB Jon Garza 0-0: Fielders Choice at 2nd, 4-6 (Groundball, 13, EV 81.9 MPH)
Batting: LHB Tim Larsen 0-0: Called Strike
0-1: Ball
1-1: Fly out, F7 (Flyball, 7D, EV 107.5 MPH)
Bottom of the 3rd over - 0 runs, 0 hits, 1 error, 1 left on base; Cleveland 2 - Seattle 2
TOP OF THE 4TH
Cleveland Guardians batting - Pitching for Seattle Mariners : LHP John McWilliams
Batting: RHB Ciro Visconti 0-0: Ball
1-0: Swinging Strike
1-1: Fly out, F8 (Flyball, 8RD, EV 93.1 MPH)
Pitching: RHP Mike Hartnagel
Batting: RHB Chris Downs 0-0: Called Strike
0-1: Foul Ball, location: 7LSF
0-2: Ball
1-2: Ball
2-2: Foul Ball, location: 7LDF
2-2: Fly out, F7 (Line Drive, 7S, EV 106.3 MPH)
Batting: RHB Chris Goacher 0-0: Ball
1-0: Ground out 5-3 (Groundball, 56, EV 101.3 MPH)
Top of the 4th over - 0 runs, 0 hits, 0 errors, 0 left on base; Cleveland 2 - Seattle 2
BOTTOM OF THE 4TH
Seattle Mariners batting - Pitching for Cleveland Guardians : RHP Reed Harris
Batting: SHB Rob Brady 0-0: Called Strike
0-1: SINGLE (Groundball, 4MS, EV 71.3 MPH) (infield hit)
Batting: RHB Brad Bargfrede 0-0: Ball
1-0: Ball
2-0: Grounds into double play, 6-4-3 (Groundball, 6S, EV 89.4 MPH)
Batting: LHB Omar Perez 0-0: Foul Ball, location: 2F
0-1: Ball
1-1: Ground out U3 (Groundball, 3, EV 100.0 MPH)
Bottom of the 4th over - 0 runs, 1 hit, 0 errors, 0 left on base; Cleveland 2 - Seattle 2
TOP OF THE 5TH
Cleveland Guardians batting - Pitching for Seattle Mariners : RHP Mike Hartnagel
Batting: SHB Jose Agramonte 0-0: Ground out 3-1 (Groundball, 34S, EV 76.9 MPH)
Batting: LHB Matt Cleary 0-0: Ball
1-0: Foul Ball, location: 2F
1-1: Ground out 4-3 (Groundball, 4S, EV 90.0 MPH)
Batting: RHB Barry Nicholson 0-0: Ball
1-0: Foul Ball, location: 3FF
1-1: Called Strike
1-2: Ball
2-2: Ball
3-2: Strikes out swinging
Top of the 5th over - 0 runs, 0 hits, 0 errors, 0 left on base; Cleveland 2 - Seattle 2
BOTTOM OF THE 5TH
Seattle Mariners batting - Pitching for Cleveland Guardians : RHP Reed Harris
Batting: RHB Jaime Callahan 0-0: Ball
1-0: Foul Ball, location: 25F
1-1: Ball
2-1: Ball
3-1: Base on Balls
Batting: SHB John Brownfield 0-0: Ball
1-0: Ball
2-0: Ball
3-0: Called Strike
3-1: Base on Balls
Jaime Callahan to second
Batting: LHB Keith Bundy 0-0: Ball
1-0: Fly out, F9 (Flyball, 9LM, EV 91.3 MPH)
Batting: RHB Kenny Dahl 0-0: Fly out, F9 (Flyball, 89M, EV 91.9 MPH)
Batting: LHB Jon Garza 0-0: Ball
1-0: Fielders Choice at 2nd, U6 (Groundball, 6M, EV 100.0 MPH)
Bottom of the 5th over - 0 runs, 0 hits, 0 errors, 2 left on base; Cleveland 2 - Seattle 2
TOP OF THE 6TH
Cleveland Guardians batting - Pitching for Seattle Mariners : RHP Mike Hartnagel
Batting: LHB Jonathan Setzler 0-0: Fly out, F9 (Line Drive, 9, EV 104.4 MPH)
Batting: RHB Jimmy Murphey 0-0: Ball
1-0: Ball
2-0: Called Strike
2-1: Ball
3-1: Called Strike
3-2: SINGLE (Line Drive, 56, EV 111.3 MPH)
Batting: LHB Dallas Ostrove 0-0: Swinging Strike
0-1: Foul Ball, location: 3F
0-2: Ball
1-2: SINGLE (Line Drive, 6MD, EV 97.5 MPH)
Jimmy Murphey to second
Batting: RHB Ciro Visconti 0-0: Ball
1-0: Fly out, F7 (Flyball, 7, EV 81.9 MPH)
Pitching: RHP Tony Soto
Pinch Hitting: LHB Mel Soto 0-0: Ball
1-0: Swinging Strike
1-1: Foul Ball, location: 7LMF
1-2: Foul Ball, location: 2F
1-2: Ball
2-2: Ball
3-2: Strikes out swinging
Top of the 6th over - 0 runs, 2 hits, 0 errors, 2 left on base; Cleveland 2 - Seattle 2
BOTTOM OF THE 6TH
Seattle Mariners batting - Pitching for Cleveland Guardians : RHP Reed Harris
Now at SS: Mike Maddy
Batting: LHB Tim Larsen 0-0: Ball
1-0: Foul Ball, location: 2LF
1-1: Foul Ball, location: 2F
1-2: Foul Ball, location: 2F
1-2: Ground out 4-3 (Groundball, 4, EV 109.4 MPH)
Batting: SHB Rob Brady 0-0: Called Strike
0-1: Reached on error, E2 (Groundball, 2L, EV 71.3 MPH)
Batting: RHB Brad Bargfrede 0-0: Ball
1-0: Called Strike
1-1: Ball
2-1: SINGLE (Groundball, 4MD, EV 100.0 MPH)
Rob Brady to second
Batting: LHB Omar Perez 0-0: Called Strike
0-1: Foul Ball, location: 7LMFF
0-2: Ball
1-2: 3-RUN HOME RUN (Flyball, 78XD, EV 110.0 MPH), Distance : 424 ft
Batting: RHB Jaime Callahan 0-0: Ball
1-0: Called Strike
1-1: Ball
2-1: Ground out 4-3 (Groundball, 4, EV 90.6 MPH)
Batting: SHB John Brownfield 0-0: Ball
1-0: Ball
2-0: Called Strike
2-1: Foul Ball, location: 5F
2-2: Ball
3-2: Base on Balls
Pitching: RHP Garrett Everett
Batting: LHB Keith Bundy 0-0: Ball
1-0: Swinging Strike
1-1: Foul Ball, location: 3F
1-2: Strikes out swinging
Bottom of the 6th over - 3 runs, 2 hits, 1 error, 1 left on base; Cleveland 2 - Seattle 5
TOP OF THE 7TH
Cleveland Guardians batting - Pitching for Seattle Mariners : RHP Tony Soto
Pitching: RHP Gary Kennedy
Batting: RHB Chris Goacher 0-0: Ball
1-0: Fly out, F8 (Flyball, 8RD, EV 86.9 MPH)
Batting: SHB Jose Agramonte 0-0: Called Strike
0-1: Called Strike
0-2: Ball
1-2: Ball
2-2: Foul Ball, location: 3FF
2-2: Ball
3-2: Fly out, F9 (Flyball, 9LM, EV 90.0 MPH)
Batting: LHB Matt Cleary 0-0: Ball
1-0: Foul Ball, location: 3F
1-1: Ball
2-1: Called Strike
2-2: Ball
3-2: Fly out, F7 (Line Drive, 7S, EV 95.6 MPH)
Top of the 7th over - 0 runs, 0 hits, 0 errors, 0 left on base; Cleveland 2 - Seattle 5
BOTTOM OF THE 7TH
Seattle Mariners batting - Pitching for Cleveland Guardians : RHP Garrett Everett
Batting: RHB Kenny Dahl 0-0: Called Strike
0-1: Ball
1-1: DOUBLE (Line Drive, 89M, EV 99.4 MPH)
Batting: LHB Jon Garza 0-0: Called Strike
0-1: Ball
1-1: Called Strike
1-2: DOUBLE (Line Drive, 3D, EV 103.1 MPH)
Kenny Dahl scores
Batting: LHB Tim Larsen 0-0: Ball
1-0: Ball
2-0: Ball
3-0: Called Strike
3-1: Foul Ball, location: 3F
3-2: Ground out 4-3 (Groundball, 4M, EV 84.4 MPH)
Batting: SHB Rob Brady 0-0: Ball
1-0: Swinging Strike
1-1: Swinging Strike
1-2: Ball
2-2: Ball
3-2: Foul Ball, location: 2F
3-2: Foul Ball, location: 5SF
3-2: Foul Ball, location: 2F
3-2: Foul Ball, location: 3F
3-2: Foul Ball, location: 2F
3-2: Strikes out swinging
Batting: RHB Brad Bargfrede 0-0: Ground out 6-3 (Groundball, 6, EV 103.1 MPH)
Bottom of the 7th over - 1 run, 2 hits, 0 errors, 1 left on base; Cleveland 2 - Seattle 6
TOP OF THE 8TH
Cleveland Guardians batting - Pitching for Seattle Mariners : RHP Gary Kennedy
Batting: RHB Barry Nicholson 0-0: Ball
1-0: Ground out 6-3 (Groundball, 6, EV 98.1 MPH)
Batting: LHB Jonathan Setzler 0-0: Ball
1-0: Called Strike
1-1: Foul Ball, location: 23F
1-2: Ball
2-2: Strikes out looking
Pitching: RHP Ernie Lydon
Batting: RHB Jimmy Murphey 0-0: Swinging Strike
0-1: Called Strike
0-2: Strikes out looking
Top of the 8th over - 0 runs, 0 hits, 0 errors, 0 left on base; Cleveland 2 - Seattle 6
BOTTOM OF THE 8TH
Seattle Mariners batting - Pitching for Cleveland Guardians : RHP Garrett Everett
Pitching: RHP Evan Caldwell
Batting: LHB Omar Perez 0-0: Called Strike
0-1: Called Strike
0-2: Foul Ball, location: 5SF
0-2: Foul Ball, location: 7LSF
0-2: Ball
1-2: Ball
2-2: Foul Ball, location: 25FF
2-2: Fly out, F7 (Flyball, 78S, EV 88.1 MPH)
Batting: RHB Jaime Callahan 0-0: Foul Ball, location: 5DF
0-1: Called Strike
0-2: Foul Ball, location: 5FF
0-2: Fly out, F8 (Flyball, 8LD, EV 99.4 MPH)
Batting: SHB John Brownfield 0-0: Ball
1-0: Ball
2-0: Ball
3-0: SINGLE (Groundball, 4MD, EV 95.0 MPH)
Batting: LHB Keith Bundy 0-0: Called Strike
0-1: Fly out, F8 (Flyball, 8RXD, EV 107.5 MPH)
Bottom of the 8th over - 0 runs, 1 hit, 0 errors, 1 left on base; Cleveland 2 - Seattle 6
TOP OF THE 9TH
Cleveland Guardians batting - Pitching for Seattle Mariners : RHP Ernie Lydon
Batting: LHB Dallas Ostrove 0-0: Ball
1-0: Fly out, F9 (Flyball, 89S, EV 92.5 MPH)
Batting: RHB Ciro Visconti 0-0: Called Strike
0-1: Ground out 6-3 (Groundball, 6, EV 102.5 MPH)
Pinch Hitting: LHB Donny Liebler 0-0: Called Strike
0-1: Ball
1-1: Foul Ball, location: 3SF
1-2: Ball
2-2: Fly out, F9 (Flyball, 9LSF, EV 87.5 MPH)
Top of the 9th over - 0 runs, 0 hits, 0 errors, 0 left on base; Cleveland 2 - Seattle 6
Thursday, April 11th , 2024 - OOTP Baseball 24.11 Build 85